 Dungeon Crawl Stone Soup version 0.31-a0-216-g22e908daa7 (webtiles) character file.

Game seed: 784176853405548122

192 qw the Chopper (level 5, -3/32 HPs)
             Began as a Gargoyle Fighter on July 1, 2023.
             Was an Initiate of Okawaru.
             Killed by divine providence
             ... invoked by an orc priest
              (10 damage)
             ... on level 7 of the Dungeon.
             The game lasted 00:01:06 (2040 turns).

qw the Chopper (Gargoyle Fighter)                   Turns: 2040, Time: 00:01:06

Health: -3/32      AC: 10    Str: 21    XL:     5   Next: 71%
Magic:  5/5        EV:  9    Int:  9    God:    Okawaru [......]
Gold:   48         SH:  4    Dex:  9    Spells: 4/4 levels left

rFire   . . .        Y - +0 war axe (heavy)
rCold   . . .        c - +0 buckler
rNeg    + . .        b - +0 scale mail
rPois   inf          (no helmet)
rElec   +            (no cloak)
rCorr   .            (no gloves)
SInv    .            (no boots)
Will    .....        (no amulet) Stlth
                     (no ring)
HPRegen 0.25/turn    (no ring)
MPRegen 0.09/turn

%: no passive effects
@: about to teleport
A: sickness immunity, AC +4, negative energy resistance 1, electricity
resistance, torment resistance 1, petrification resistance
a: Renounce Religion


You were on level 7 of the Dungeon.
You worshipped Okawaru.
Okawaru was noncommittal.
You visited 2 branches of the dungeon, and saw 6 of its levels.

You collected 126 gold pieces.
You spent 78 gold pieces at shops.


Innate Abilities, Weirdness & Mutations

You are immune to sickness and miasma.
Your stone body is resilient. (AC +4)
You are immune to poison.
You resist negative energy. (rN+)
You are resistant to electric shocks. (rElec)
You are resistant to unholy torment.
You are immune to petrification.


   Skills:
 + Level 3.3 Fighting
 - Level 5.2 Axes
 - Level 3.2 Armour
 - Level 3.2 Shields


You had 4 spell levels left.
You didn't know any spells.
Your spell library was empty.

Inventory:

Hand Weapons
 m - a +0 flail
 Y - a +0 heavy war axe (weapon)
Missiles
 j - a boomerang (quivered)
Armour
 b - a +0 scale mail (worn)
 c - a +0 buckler (worn)
 i - a +0 pair of gloves
Scrolls
 a - a scroll of teleportation
 k - a scroll of identify
Potions
 d - 2 potions of might
 e - a potion of berserk rage {unknown}
 g - a potion of curing {unknown}
 l - a potion of ambrosia {unknown}
 n - a potion of haste {unknown}

Dungeon Overview and Level Annotations

Branches:
Dungeon (7/15)             Temple (1/1) D:4

Altars:
Ashenzari
Cheibriados
Dithmenos
Fedhas
Kikubaaqudgha
Makhleb
Nemelex Xobeh
Okawaru
Qazlal
Ru
Sif Muna
Trog
Uskayaw
Vehumet
Wu Jian
Zin
The Shining One

Shops:
D:3 *

Annotations:
D:3 2 transporters


Message History

You kill the ogre!
Okawaru is honoured by your kill.
The orc priest mumbles some strange prayers to Beogh against you.
Beogh smites you!
An orc priest comes into view. It is wielding a +0 hand axe.
The orc priest shouts!
Your Axes skill increases to level 5!
You have reached level 5!
You closely miss the orc priest. The orc priest closely misses you.
You closely miss the orc priest. You closely miss the orc.
The orc priest hits you with a +0 club. The orc closely misses you.
The orc priest closely misses you. You block the orc's attack.
You closely miss the orc priest. You slash the orc!
You kill the orc!
Okawaru accepts your kill.
You barely miss the orc.
The orc priest hits you but does no damage.
The orc hits you but does no damage.
The orc priest hits you but does no damage.
You block the orc priest's attack. The orc closely misses you.
You closely miss the orc priest. x2; You slash the orc!
You kill the orc!
Okawaru accepts your kill.
The orc priest hits you but does no damage.
The orc priest hits you with a +0 club. The orc priest barely misses you.
The orc priest invokes the aid of Beogh against you.
Beogh smites you!
2038 ||| READING 2 scrolls of teleportation.
As you read the scroll of teleportation, it crumbles to dust.
You feel strangely unstable.
The orc priest hits you but does no damage.
The orc priest barely misses you.
You barely miss the orc priest. You closely miss the orc priest.
The orc priest hits you but does no damage.
The orc priest closely misses you. x2; The orc priest barely misses you.
You barely miss the orc priest. You closely miss the orc priest.
The orc priest closely misses you. You block the orc priest's attack. x2
The orc priest invokes the aid of Beogh against you.
Beogh smites you!
You die...

###........#
..........#
#....(....#
.........#
#)........
#.####......... .
#.....))o......
#.. ###.@o......
##...##....<.####.
##......######
.#..#......# .#
##.###...# #. #.#
.. .# ..# .#


You could see 2 orc priests.

Vanquished Creatures
  An ogre (D:7)
  A river rat (D:3)
  3 adders
  A worm (D:3)
  6 orcs
  10 endoplasms
  3 giant cockroaches
  5 goblins
  5 hobgoblins
  5 quokkas
  7 ball pythons
  5 bats
  2 frilled lizards
  A kobold (D:1)
  8 rats
63 creatures vanquished.

Notes
Turn   | Place    | Note
-------+----------+-------------------------------------------
     0 | D:1      | qw the Gargoyle Fighter began the quest for the Orb.
     0 | D:1      | Reached XP level 1. HP: 14/14 MP: 1/1
     0 | D:1      | 0 ||| qw: Version: 0.3-a-35-g05ef00e
     0 | D:1      | 0 ||| qw: Game counter: 7735
     0 | D:1      | 0 ||| qw: Melee chars always use a shield: true
     0 | D:1      | 0 ||| qw: God list: Okawaru
     0 | D:1      | 0 ||| qw: Allow faded altars: false
     0 | D:1      | 0 ||| qw: Do Orc after clearing Dungeon:15 true
     0 | D:1      | 0 ||| qw: Do second Lair branch before Depths: true
     0 | D:1      | 0 ||| qw: Lair rune preference: random
     0 | D:1      | 0 ||| qw: Goals: Normal, Zot:1-4, Slime:5, God:TSO, Crypt,
                  | Tomb, Abyss, Pan, Hells, Win
     0 | D:1      | 0 ||| PLANNING D:1-11
    93 | D:1      | Reached skill level 2 in Axes
   137 | D:1      | Reached XP level 2. HP: 19/19 MP: 2/2
   462 | D:1      | Reached skill level 3 in Axes
   540 | D:1      | 540 ||| READING scroll labelled LEUTAO ZOTSID.
   541 | D:1      | 541 ||| READING scroll labelled NOSAFI SEUHUX.
   545 | D:1      | 545 ||| READING scroll labelled HUGOLUH EWILL.
   597 | D:2      | 597 ||| STAIRDANCE
   602 | D:1      | Reached XP level 3. HP: 21/23 MP: 3/3
   774 | D:2      | 774 ||| Stepping ~*~*~tactically~*~*~ (stealth).
   782 | D:2      | 782 ||| Stepping ~*~*~tactically~*~*~ (stealth).
  1089 | D:3      | 1089 ||| PLANNING SEWER
  1099 | D:3      | 1099 ||| STAIRDANCE
  1147 | D:3      | Reached XP level 4. HP: 26/28 MP: 4/4
  1186 | D:3      | Found a transporter.
  1200 | D:3      | Found a transporter.
  1209 | D:3      | Found a sacrificial altar of Ru.
  1211 | D:3      | Found a hide-covered altar of Uskayaw.
  1346 | D:3      | Reached skill level 4 in Axes
  1358 | D:3      | Found Ingalar's General Store.
  1365 | D:3      | 1365 ||| BUYING +0 pair of gloves (54 gold).
  1365 | D:3      | Bought a +0 pair of gloves for 54 gold pieces
  1365 | D:3      | 1365 ||| BUYING scroll of identify (24 gold).
  1365 | D:3      | Bought a scroll of identify for 24 gold pieces
  1703 | D:3      | 1703 ||| DROPPING +0 club.
  1752 | D:3      | 1752 ||| Stepping ~*~*~tactically~*~*~ (stealth).
  1767 | D:3      | 1767 ||| RIP SEWER
  1773 | D:3      | 1773 ||| PLANNING D:1-11
  1787 | D:3      | 1787 ||| Stepping ~*~*~tactically~*~*~ (water).
  1792 | D:3      | 1792 ||| DROPPING scarf of harm.
  1793 | D:3      | 1793 ||| READING scroll labelled TIAVEM QUSKOKH.
  1815 | D:4      | Found a staircase to the Ecumenical Temple.
  1816 | D:4      | 1816 ||| PLANNING TEMPLE
  1816 | D:4      | 1816 ||| STAIRDANCE
  1825 | Temple   | Entered the Ecumenical Temple
  1840 | Temple   | 1840 ||| PLANNING OKAWARU WORSHIP
  1873 | Temple   | Became a worshipper of Warmaster Okawaru
  1874 | Temple   | 1874 ||| PLANNING D:1-11
  2007 | D:4      | You fall into a shaft and drop 3 floors!
  2008 | D:7      | 2008 ||| READING scroll labelled HOMIOCVARI.
  2028 | D:7      | 2028 ||| READING scroll labelled WAOX FEKKONLEO.
  2030 | D:7      | Noticed an ogre
  2032 | D:7      | Killed an ogre
  2033 | D:7      | Reached skill level 5 in Axes
  2033 | D:7      | Reached XP level 5. HP: 19/32 MP: 5/5
  2037 | D:7      | HP: 6/32 [orc priest/divine providence (8)]
  2038 | D:7      | 2038 ||| READING 2 scrolls of teleportation.
  2040 | D:7      | Killed from afar by an orc priest

Levels and vault maps discovered:
D:1:      scummos_arrival_simple_crosswalls, layout_rooms, supply_closet_lemuel
D:2:      layout_rooms
D:3:      layout_basic, gammafunk_temple_overflow_arena, serial_shops,
          nicolae_shop_tiny_waterfront, portal_sewer_entry_e,
          guppyfry_early_orc_mine
D:4:      layout_loops_ring, minmay_temple_entry_statues_fountains
D:7:      layout_rooms, mainiacjoe_overflow_alcove_4, moated_statue
Temple:   hellmonk_temple_of_storms

Skill      XL: |  1  2  3  4 |
---------------+-------------+-----
Axes           | 2 3 5 |  5.2
Fighting       | |  3.3
Armour         | |  3.2
Shields        | |  3.2

Action                     |  1- 3 |  4- 6 || total
---------------------------+-------+-------++-------
  Melee: War axe           |   102 |    50 ||   152
  Throw: Boomerang         |    29 |    31 ||    60
    Use: Scroll            |     3 |     4 ||     7
 Armour: Scale mail        |    57 |    30 ||    87
  Dodge: Dodged            |    47 |    24 ||    71
  Block: Buckler           |    20 |    13 ||    33

Table legend:
 A = Non-vault XP
 B = Vault XP
 C = Vault XP percentage of total XP
 D = Non-vault monster count
 E = Vault monster count
 F = Vault count percentage of total count
                 A         B        C        D         E       F
            +---------+---------+-------+---------+---------+-------
      Total |     234 |      41 |  14.9 |      48 |      15 |  23.8
            +---------+---------+-------+---------+---------+-------
        D:1 |      45 |       0 |   0.0 |      20 |       0 |   0.0
        D:2 |      31 |       0 |   0.0 |      13 |       0 |   0.0
        D:3 |      17 |      41 |  70.7 |       8 |      15 |  65.2
        D:4 |      19 |       0 |   0.0 |       4 |       0 |   0.0
        D:7 |     122 |       0 |   0.0 |       3 |       0 |   0.0
            +---------+---------+-------+---------+---------+-------
